Map: Ulrena

Players

MinChul (MC)

  • Race: Protoss Protoss

LiquidSnute (Snute) - Winner!

  • Race: Zerg Zerg
  • League: Grandmaster

Event: Homestory Cup XII

VOD

Have the link to the VOD?

Description

Time

  • Played on: Dec. 20, 2015, 1:29 p.m.
  • Length: 17:40

All games in this series

Show
View Real Time Build Order
Export as new Build Order

MinChul Protoss 

Build Orders: Oracle Opening 

Get SALT Encoding   

  12  0:00  Probe (Chrono Boost)  
  13  0:11  Probe (Chrono Boost)  
  14  0:18  Pylon  
  14  0:22  Probe (Chrono Boost)  
  15  0:36  Probe (Chrono Boost)  
  15  0:38  Gateway  
  16  0:47  Probe (Chrono Boost)  
  16  0:48  Assimilator  
  17  0:57  Probe (Chrono Boost)  
  17  1:03  Gateway  
  18  1:08  Probe (Chrono Boost)  
  19  1:25  Cybernetics Core  
  19  1:46  Nexus  
  23  2:03  Adept x2 (Chrono Boost)  
  23  2:09  Pylon  
  23  2:11  Warp Gate (Chrono Boost)  
  23  2:18  Assimilator  
  23  2:27  Probe (Chrono Boost)  
  24  2:39  Mothership Core (Chrono Boost)  
  24  2:41  Adept  
  28  2:44  Adept  
  30  2:57  Probe (Chrono Boost)  
  31  3:01  Probe (Chrono Boost)  
  32  3:08  Probe (Chrono Boost)  
  32  3:11  Stargate  
  33  3:13  Probe (Chrono Boost)  
  33  3:18  Probe (Chrono Boost)  
  35  3:23  Probe (Chrono Boost)  
  36  3:29  Probe (Chrono Boost)  
  36  3:30  Gateway  
  38  3:34  Probe (Chrono Boost)  
  38  3:40  Probe (Chrono Boost)  
  39  3:43  Pylon  
  39  3:47  Probe (Chrono Boost)  
  40  3:50  Probe (Chrono Boost)  
  40  3:54  Oracle (Chrono Boost)  
  44  4:04  Probe  
  44  4:05  Probe  
  46  4:15  Probe, Assimilator x2  
  45  4:18  Probe  
  46  4:26  Void Ray (Chrono Boost)  
  46  4:28  Probe  
  46  4:30  Probe  
  50  4:38  Probe  
  50  4:42  Probe, Gateway  
  50  4:44  Sentry  
  50  4:45  Gateway  
  54  4:49  Pylon  
  54  4:52  Pylon  
  54  5:05  Probe  
  54  5:07  Probe  
  54  5:10  Void Ray (Chrono Boost)  
  54  5:12  Sentry x2  
  64  5:16  Probe  
  64  5:19  Probe  
  66  5:23  Robotics Facility  
  66  5:26  Pylon  
  66  5:33  Probe  
  66  5:34  Probe (Chrono Boost)  
  68  5:37  Pylon  
  68  5:49  Nexus  
  68  6:02  Probe x2 (Chrono Boost)  
  70  6:07  Sentry x2, Adept x3  
  81  6:11  Observer (Chrono Boost)  
  81  6:14  Probe  
  81  6:15  Robotics Bay  
  81  6:16  Probe  
  83  6:30  Warp Prism (Chrono Boost)  
  83  6:31  Pylon  
  83  6:32  Pylon  
  85  6:50  Pylon  
  85  6:51  Pylon  
  85  6:53  Adept x3  
  85  6:54  Adept x2  
  87  7:05  Disruptor (Chrono Boost)  
  87  7:07  Probe  
  88  7:09  Probe, Pylon  
  88  7:10  Pylon  
  88  7:12  Pylon  
  88  7:13  Probe  
  91  7:17  Probe  
  91  7:21  Probe  
  93  7:23  Twilight Council  
  93  7:25  Forge  
  93  7:28  Pylon  
  93  7:37  Disruptor (Chrono Boost)  
  93  7:42  Stalker  
  93  7:43  Stalker x2  
  102  7:46  Stalker, Protoss Ground Weapons Level 1  
  102  7:48  Stalker  
  106  7:52  Probe  
  106  7:54  Probe x2  
  109  8:03  Disruptor, Blink (Chrono Boost)  
  112  8:23  Stalker x5  
  112  8:25  Assimilator  
  112  8:26  Probe x3, Assimilator  
  125  8:38  Probe x2, Gateway  
  125  8:39  Probe  
  125  8:40  Gateway  
  128  8:42  Gateway  
  128  8:53  Stalker  
  128  8:54  Stalker x3  
  134  8:59  Phoenix  
  134  9:02  Stalker  
  138  9:12  Photon Cannon  
  138  9:15  Pylon  
  138  9:18  Observer  
  138  9:19  Photon Cannon  
  138  9:21  Photon Cannon  
  139  9:30  Photon Cannon  
  139  9:31  Photon Cannon  
  139  9:32  Stalker x3  
  139  9:35  Observer Gravitic Boosters  
  139  9:37  Observer  
  143  9:53  Stalker x5  
  143  9:57  Stalker x2  
  153  10:21  Stalker x4  
  153  10:23  Stalker x3  
  153  10:24  Stalker  
  139  10:58  Pylon  
  139  10:59  Pylon  
  112  11:08  Stalker x5  
  112  11:09  Stalker  
  114  11:26  Nexus  
  114  11:31  Pylon  
  114  11:32  Pylon  
  105  11:33  Phoenix (Chrono Boost)  
  105  11:37  Templar Archives  
  107  11:45  Adept x2  
  111  11:57  Immortal  
  111  11:58  Phoenix (Chrono Boost)  
  111  12:28  High Templar x4  
  113  12:32  Archon  
  113  12:33  Archon  
  113  12:34  Phoenix (Chrono Boost)  
  115  12:40  Immortal  
  115  12:49  Protoss Ground Weapons Level 2  
  115  12:51  Probe  
  119  12:52  Probe  
  119  12:53  Probe  
  122  13:08  Phoenix (Chrono Boost)  
  124  13:15  Immortal  
  128  13:29  Phoenix (Chrono Boost)  
  128  13:30  High Templar x2  
  132  13:37  Archon  
  130  13:42  Stalker x3  
  131  13:53  Phoenix (Chrono Boost)  
  128  13:56  Immortal  
  132  14:05  Probe  
  132  14:06  Probe x2  
  121  14:17  Phoenix (Chrono Boost)  
  112  14:31  Mothership Core (Chrono Boost)  
  106  14:37  Phoenix  
  110  14:38  Immortal  
  106  15:02  Stalker x3  
  106  15:07  Phoenix  
  99  15:13  Probe (Chrono Boost)  
  98  15:18  Immortal (Chrono Boost)  
  102  15:23  Stalker  
  102  15:24  Stalker  
  102  15:25  Probe (Chrono Boost)  
  107  15:28  Phoenix  
  107  15:33  Stalker  
  111  15:37  Probe (Chrono Boost)  
  112  15:50  Phoenix  
  118  15:57  Immortal (Chrono Boost)  
  118  15:59  Stalker x2  
  122  16:12  Phoenix  
  118  16:38  Stalker x3  
  120  16:47  Stalker x3  
  78  16:54  Stalker  
  78  16:56  Phoenix  
Show
View Real Time Build Order
Export as new Build Order

LiquidSnute Zerg - Winner!

Build Orders: Hatch First 

Get SALT Encoding   

  12  0:00  Drone  
  13  0:12  Overlord  
  13  0:17  Drone  
  14  0:30  Drone x2  
  14  0:34  Drone  
  17  0:52  Hatchery  
  17  0:55  Drone  
  17  0:58  Drone  
  17  1:00  Extractor  
  17  1:14  Spawning Pool  
  17  1:17  Drone  
  17  1:20  Drone  
  18  1:28  Drone  
  19  1:39  Drone  
  20  1:49  Overlord  
  20  2:01  Metabolic Boost, Queen  
  20  2:04  Queen  
  20  2:06  Drone  
  25  2:09  Drone  
  25  2:12  Drone  
  27  2:16  Zergling x2  
  27  2:21  Zergling x2  
  29  2:25  Zergling x2  
  30  2:32  Overlord  
  30  2:37  Queen  
  30  2:39  Overlord  
  32  2:45  Queen  
  32  2:49  Drone  
  32  2:50  Drone  
  36  3:05  Hatchery  
  35  3:07  Drone x2  
  35  3:10  Drone  
  38  3:15  Drone x2  
  38  3:17  Drone  
  38  3:19  Drone  
  42  3:22  Drone  
  42  3:23  Drone  
  44  3:27  Overlord  
  44  3:32  Drone x2  
  45  3:37  Spore Crawler  
  45  3:40  Queen  
  46  3:43  Zergling x2  
  46  3:47  Zergling x4  
  46  3:48  Zergling x2  
  49  3:53  Zergling x4  
  51  3:58  Zergling x6  
  54  4:08  Zergling x4  
  56  4:14  Drone x2  
  57  4:22  Drone x2  
  59  4:24  Drone  
  59  4:29  Drone x3  
  61  4:33  Lair  
  61  4:35  Drone  
  61  4:37  Drone  
  62  4:39  Drone  
  62  4:42  Roach Warren  
  62  4:43  Extractor  
  62  4:45  Drone x3, Extractor  
  62  4:46  Drone, Extractor  
  62  4:50  Drone x2  
  65  4:57  Queen  
  66  5:00  Overlord  
  66  5:03  Overlord  
  64  5:09  Drone x3  
  64  5:14  Evolution Chamber, Overlord  
  64  5:20  Drone x2  
  65  5:28  Drone  
  65  5:29  Drone x7  
  65  5:32  Overlord x2, Glial Reconstitution  
  73  5:39  Hydralisk Den  
  73  5:40  Zerg Missile Weapons Level 1  
  72  5:43  Extractor  
  72  5:44  Drone x2, Overlord  
  72  5:45  Drone, Extractor  
  73  5:50  Overlord x2  
  73  5:51  Drone x2  
  73  5:53  Drone  
  73  5:54  Drone  
  73  5:55  Drone  
  78  5:58  Drone x2  
  78  5:59  Drone  
  78  6:03  Drone x3  
  84  6:05  Drone  
  84  6:11  Muscular Augments  
  85  6:14  Hydralisk x2  
  89  6:23  Overlord x2  
  89  6:24  Hydralisk x2  
  89  6:25  Hydralisk  
  95  6:29  Roach x2  
  98  6:40  Roach x4  
  98  6:41  Roach x3  
  110  6:53  Drone x8  
  112  7:08  Spire  
  112  7:10  Evolution Chamber, Drone  
  112  7:11  Evolution Chamber, Infestation Pit  
  112  7:13  Overlord  
  112  7:15  Overlord  
  109  7:16  Hatchery  
  108  7:24  Ravager x2  
  108  7:25  Ravager  
  108  7:28  Zergling x16  
  119  7:30  Drone  
  120  7:38  Zerg Ground Armor Level 1  
  120  7:39  Zerg Melee Weapons Level 1  
  120  7:46  Drone x4  
  120  7:47  Hive  
  120  7:48  Drone x2  
  126  7:52  Drone x2  
  126  7:53  Drone x4  
  126  7:54  Extractor  
  126  7:56  Drone x3  
  134  7:59  Drone, Extractor  
  133  8:12  Roach x3  
  137  8:22  Mutalisk x3  
  137  8:26  Mutalisk  
  145  8:27  Mutalisk  
  145  8:28  Overlord  
  145  8:29  Roach x2  
  151  8:35  Overlord  
  151  8:45  Spine Crawler  
  151  8:46  Spine Crawler x2  
  151  8:47  Spine Crawler x2  
  146  8:48  Spine Crawler  
  146  8:50  Spine Crawler  
  146  8:51  Spine Crawler x3  
  127  9:06  Ultralisk Cavern  
  127  9:07  Spine Crawler  
  127  9:08  Spine Crawler  
  124  9:10  Spine Crawler  
  124  9:14  Mutalisk x8  
  124  9:15  Mutalisk  
  139  9:20  Mutalisk x3  
  145  9:31  Lurker Den  
  145  9:34  Zerg Melee Weapons Level 2  
  167  9:57  Chitinous Plating  
  167  9:59  Ultralisk x2  
  153  10:08  Ultralisk  
  153  10:10  Overlord x2  
  153  10:12  Adrenal Glands  
  159  10:17  Zergling x2  
  159  10:18  Zergling x14  
  160  10:32  Ultralisk  
  156  10:55  Mutalisk x5  
  129  11:06  Mutalisk x2  
  133  11:11  Mutalisk  
  135  11:20  Mutalisk  
  135  11:21  Zergling x10  
  140  11:28  Hatchery  
  140  11:31  Mutalisk x2  
  139  11:34  Zergling x4  
  141  11:42  Drone  
  141  11:46  Zergling x4  
  144  11:50  Overseer  
  144  11:53  Overseer  
  144  11:55  Mutalisk x3  
  150  12:02  Spore Crawler  
  150  12:05  Hatchery  
  148  12:11  Mutalisk  
  148  12:12  Mutalisk x2  
  150  12:30  Mutalisk x3  
  150  12:36  Zergling x16  
  162  12:40  Overseer  
  162  12:46  Mutalisk x2  
  162  12:49  Zergling x4  
  168  12:55  Overlord  
  168  12:56  Overlord  
  168  12:57  Extractor  
  166  12:59  Spore Crawler, Extractor  
  163  13:06  Pneumatized Carapace  
  163  13:11  Overlord x2  
  163  13:12  Zerg Melee Weapons Level 3  
  163  13:19  Hydralisk x5  
  173  13:30  Roach x8  
  187  13:36  Hydralisk x2  
  189  13:57  Mutalisk x4  
  189  14:01  Hydralisk x3  
  187  14:28  Hydralisk x8  
  190  15:00  Mutalisk  
  190  15:01  Mutalisk x4  
  198  15:12  Mutalisk x2  
  198  15:20  Zerg Missile Weapons Level 2  
  196  15:27  Mutalisk x2  
  182  16:40  Overlord x2  
  169  16:50  Hydralisk x6  
  169  16:51  Hydralisk x3  
  142  16:55  Roach x4  
  142  16:56  Roach x8  
  142  16:58  Ultralisk x4  
Tags
 
Add a new tag
Caveats
  • Supply blocks, unpowered buildings, or Contaminate may cause inaccurate times.
  • Supply counts are checked every 10 seconds.